 Dungeon Crawl Stone Soup version 0.31-a0-971-g75a2e9a4b4 (webtiles) character file.

Game seed: 12894804302028241111

16 emrufus the Shooter (level 2, -3/16 HPs)
             Began as a Kobold Hexslinger on Oct 29, 2023.
             Killed from afar by Sigmund (7 damage)
             ... with a magic dart
             ... on level 2 of the Dungeon.
             The game lasted 00:06:00 (372 turns).

emrufus the Shooter (Kobold Hexslinger)              Turns: 372, Time: 00:06:01

Health: -3/16      AC:  5    Str:  5    XL:     2   Next: 70%
Magic:  4/4        EV: 12    Int: 14    God:
Gold:   28         SH:  0    Dex: 17    Spells: 3/3 levels left

rFire   . . .        a - +0 short sword
rCold   . . .        (no shield)
rNeg    . . .        d - +0 ring mail
rPois   .            (no helmet)
rElec   .            (no cloak)
rCorr   .            (no gloves)
SInv    .            (no boots)
Will    .....        (no amulet)
Stlth   ++           (no ring)
HPRegen 0.22/turn    (no ring)
MPRegen 0.09/turn

%: no passive effects
@: no status effects
A: small, no large weapons, nightstalker 3
a: no special abilities


You were on level 2 of the Dungeon.
You visited 1 branch of the dungeon, and saw 2 of its levels.

You collected 28 gold pieces.

Inventory:

Hand Weapons
 a - a +0 short sword (weapon)
 b - a +1 sling
Armour
 c - a +0 robe
 d - a +0 ring mail (worn)
Scrolls
 e - a scroll of torment {unknown}
 f - a scroll of poison


   Skills:
 + Level 1.1 Fighting
 + Level 3.3 Ranged Weapons
 + Level 0.1 Armour
 + Level 2.7 Dodging
 + Level 1.4 Spellcasting
 + Level 3.2 Hexes
 + Level 1.0 Fire Magic


You had 3 spell levels left.
You didn't know any spells.
Your spell library contained the following spells:

 Spells                   Type           Power      Damage    Failure   Level
 Jinxbite                 Hex            18%        N/A       45%         2
 Sigil of Binding         Hex            9%         N/A       69%         3
 Inner Flame              Hex/Fire       6%         N/A       83%         3
 Lesser Beckoning         Tloc           0%         N/A       88%         2
 Gell's Gravitas          Tloc           0%         N/A       98%         3
 Teleport Other           Tloc           0%         N/A       98%         3
 Cause Fear               Hex            4%         N/A       97%         4
 Dimensional Bullseye     Hex/Tloc       2%         N/A       99%         4
 Conjure Ball Lightning   Conj/Air       0%         3x3d6     100%        6
 Discord                  Hex            4%         N/A       100%        8
 Disjunction              Tloc           0%         N/A       100%        8


Dungeon Overview and Level Annotations

Branches:
Dungeon (1/15)

Altars:

Annotations:
D:1 1 transporter
D:2 Sigmund


Innate Abilities, Weirdness & Mutations

You are small and have problems with some larger weapons.
You are completely attuned to the shadows.


Message History

Press: ? - help, Q - select action Shift-Dir - straight line, f - goblin
Aim: a goblin, wielding a +0 club (51% to hit)
You shoot a sling bullet.
The sling bullet closely misses the goblin.
An endoplasm comes into view.
a - a +0 short sword (weapon)
You hit the goblin but do no damage. The goblin hits you but does no damage.
You hit the goblin but do no damage. The goblin barely misses you.
You barely miss the goblin. The goblin hits you with a +0 club.
The endoplasm barely misses you.
You hit the goblin.
You kill the goblin!
The endoplasm hits you.
Sigmund the Dreaded comes into view.
He is wielding a +0 scythe.
You hit the endoplasm.
The endoplasm is severely wounded.
The endoplasm hits you.
You hit the endoplasm.
You kill the endoplasm!
Sigmund hits you from afar with a +0 scythe.
A goblin comes into view. It is wielding a +0 club.
Sigmund attacks as he pursues you!
Sigmund hits you from afar with a +0 scythe!
Ouch! That really hurt!
* * * LOW HITPOINT WARNING * * *
Found a black potion and a book of Chaos.
Found a stone staircase leading down.
The goblin closely misses you.
You hit the goblin.
You kill the goblin!
Sigmund attacks as he pursues you! Sigmund misses you.
Things that are here:
a +0 club; a goblin corpse Sigmund attacks as he pursues you!
Sigmund closely misses you.
You see here a book of Chaos.
You pick up a book of Chaos and begin reading...
You add the spells Conjure Ball Lightning, Disjunction and Discord to your library.
Sigmund casts a spell at you. The magic dart hits you!
You die...
Sigmund begins carving another notch in his scythe.

#........
#...)..##
#..#.#..## ..
#.@#.....# ....
#..####..##.....
#......#).......
#.####...@..#.#
#.......!.....#
#.^.......@...#
#.......##.#.##
#..........#.#
#........###.#
#........ .#
#.##... ###.#
... #...# .
#.####


You could see Sigmund.

Vanquished Creatures
  4 endoplasms
  3 goblins
  A hobgoblin (D:1)
  2 quokkas (D:1)
  2 kobolds (D:1)
12 creatures vanquished.

Notes
Turn   | Place    | Note
-------+----------+-------------------------------------------
     0 | D:1      | emrufus the Kobold Hexslinger began the quest for the Orb.
     0 | D:1      | Reached XP level 1. HP: 12/12 MP: 2/2
   283 | D:1      | Reached XP level 2. HP: 16/16 MP: 3/3
   328 | D:1      | You fall into a shaft and drop 1 floor!
   359 | D:2      | Noticed Sigmund
   372 | D:2      | Killed from afar by Sigmund

Illustrated notes

Levels and vault maps discovered:
D:1:      spicycebolla_arrival_risky_transporter, layout_basic
D:2:      layout_basic, kennysheep_generic_room_7, uniq_sigmund, uniq_jessica,
          uniq_terence, uniq_natasha

Skill      XL: |  1  2 |
---------------+-------+-----
Ranged Weapons | 3 |  3.3
Fighting       | |  1.1
Armour         | |  0.1
Dodging        | |  2.7
Spellcasting   | |  1.4
Hexes          | |  3.2
Fire Magic     | |  1.0

Action                     || total
---------------------------++-------
  Melee: Short sword       ||    22
   Fire: Sling             ||    24
 Armour: Ring mail         ||    23
         Robe              ||     1
  Dodge: Dodged            ||    18

Table legend: (Time is in decaauts)
 A = Elapsed time spent in this place.
 B = Non-inter-level travel time spent in this place.
 C = Inter-level travel time spent in this place.
 D = Time resting spent in this place.
 E = Time spent auto-exploring this place.
 F = Levels seen in this place.
 G = Mean time per level.
                   A        B        C        D        E       F      G
               +--------+--------+--------+--------+--------+-----+--------+
         Total |    378 |    378 |      0 |    100 |      0 |   2 |  189.0 |
       Dungeon |    378 |    378 |      0 |    100 |      0 |   2 |  189.0 |
               +--------+--------+--------+--------+--------+-----+--------+

Top non-repeatable levels by time:
     D:1: 333 daAuts
     D:2: 44 daAuts
